 Dungeon Crawl Stone Soup version 0.23-a0-712-g3a644c0 (webtiles) character file.

175 Yahweh the Ruffian (level 5, -2/45 HPs)
             Began as a Troll Venom Mage on Jan 15, 2019.
             Killed from afar by an electric eel (11 damage)
             ... with a bolt of electricity
             ... on level 3 of the Dungeon.
             The game lasted 00:05:16 (1705 turns).

Yahweh the Ruffian (Troll Venom Mage)               Turns: 1705, Time: 00:05:19

Health: -2/45      AC:  5    Str: 16    XL:     5   Next: 29%
Magic:  6/6        EV: 10    Int: 12    God:
Gold:   59         SH:  0    Dex: 10    Spells: 4/7 levels left

rFire    . . .     SeeInvis .     - Unarmed
rCold    . . .     Gourm    +   (no shield)
rNeg     . . .     Faith    .   a - +0 robe
rPois    .         Spirit   .   (helmet restricted)
rElec    .         Reflect  .   (no cloak)
rCorr    .         Harm     .   (gloves unavailable)
MR       .....                  (boots unavailable)
Stlth    +.........             (no amulet)
HPRegen  0.55/turn              (no ring)
MPRegen  0.10/turn              (no ring)

@: no status effects
A: large, unfitting armour, claws 3, fast metabolism 3, gourmand, regeneration
1, shaggy fur 1, tough skin 2
a: no special abilities


You were on level 3 of the Dungeon.
You were completely stuffed.

You visited 1 branch of the dungeon, and saw 3 of its levels.

You collected 59 gold pieces.

Inventory:

Armour
 a - a +0 robe (worn)
Wands
 i - a wand of flame (23)
Scrolls
 e - a scroll of blinking {unknown}
 g - 2 scrolls of identify
 h - a scroll of remove curse {unknown}
 k - a scroll of magic mapping {unknown}
 n - a scroll of immolation {unknown}
Potions
 b - 2 potions of heal wounds
 j - a potion of might
 m - a potion of curing
Comestibles
 c - 5 rations
 f - 9 chunks of flesh


   Skills:
 - Level 0.2 Fighting
 - Level 1.5 Dodging
 - Level 1.0 Stealth
 + Level 3.1 Unarmed Combat
 + Level 1.7 Spellcasting
 + Level 0.6 Conjurations
 * Level 1.1 Air Magic
 + Level 3.0 Poison Magic


You had 4 spell levels left.
You knew the following spells:

 Your Spells              Type           Power        Failure   Level  Hunger
a - Sting                 Conj/Pois      #...         14%         1    ##.....
b - Poisonous Vapours     Pois/Air       #.....       19%         2    ###....

Your spell library contained the following spells:

 Spells                   Type           Power        Failure   Level  Hunger
 Mephitic Cloud           Conj/Pois/Air  #.......     41%         3    ####...
 Olgreb's Toxic Radiance  Pois           #.......     63%         4    #####..
 Venom Bolt               Conj/Pois      #.........   98%         5    ######.


Dungeon Overview and Level Annotations

Branches:
Dungeon (3/15)

Altars:

Annotations:
D:3 1 transporter


Innate Abilities, Weirdness & Mutations

You are too large for most types of armour.
You have claws for hands.
Your metabolism is lightning-fast.
You like to eat raw meat.
Your natural rate of healing is unusually fast.
You are covered in fur. (AC +1)
You have very tough skin. (AC +2)


Message History

You kill the electric eel!
Your Unarmed Combat skill increases to level 3!
You have reached level 5!
You start resting.
HP restored.
You open the door.
The electric eel shoots out a bolt of lightning at you!
The bolt of electricity hits you! x2
Evoke which item? (* to show all) (? for menu, Esc to quit)
Aiming: Throw Flame
Press: ? - help, Shift-Dir - straight line, f - electric eel
Aim: an electric eel The puff of flame hits the electric eel.
The electric eel is moderately wounded.
The electric eel is engulfed in a cloud of scalding steam.
The electric eel shoots out a bolt of lightning at you!
The bolt of electricity hits you!
* * * LOW HITPOINT WARNING * * *
The bolt of electricity hits you!
You die...

#.#.# #.# #.##.# #^#
##### ( #.# #.###.#
#... ... #.#
#...÷.######.#####.....
##
#####.#................
#.#.###############
#.#.#8P#;;≈≈≈≈≈#P8#
#...#..#.......#..#
#..©#©@'...⌠...+$©#
##..#..#.?.....#..#
##.#8P#≈≈≈≈≈≈≈#P8#
#.##############
#...........
#######.#### .$ ..# .#


You could see 2 electric eels.

Vanquished Creatures
  An electric eel (D:3)
  Jessica (D:2)
  4 gnolls (D:2)
  2 adders
  2 leopard geckos
  4 giant cockroaches
  8 goblins
  4 hobgoblins
  5 jackals
  7 kobolds
  2 quokkas (D:2)
  A ball python (D:2)
  2 bats (D:1)
  4 frilled lizards
  7 rats
54 creatures vanquished.

Notes
Turn   | Place    | Note
-------+----------+-------------------------------------------
     0 | D:1      | Yahweh the Troll Venom Mage began the quest for the Orb.
     0 | D:1      | Reached XP level 1. HP: 16/16 MP: 1/1
   228 | D:1      | Reached XP level 2. HP: 24/24 MP: 3/3
   777 | D:2      | Learned a level 2 spell: Poisonous Vapours
   899 | D:2      | Noticed Jessica
   907 | D:2      | Killed Jessica
   907 | D:2      | Reached skill level 1 in Unarmed Combat
   907 | D:2      | Reached XP level 3. HP: 27/31 MP: 4/4
  1051 | D:2      | Reached XP level 4. HP: 39/39 MP: 5/5
  1205 | D:2      | HP: 1/39 [gnoll/+0 flail (8)]
  1602 | D:3      | Found a transporter.
  1613 | D:3      | Reached skill level 1 in Air Magic
  1645 | D:3      | Found a transporter.
  1675 | D:3      | Reached XP level 5. HP: 30/45 MP: 6/6
  1705 | D:3      | Killed from afar by an electric eel

Vault maps used:
D:1:      dpeg_arrival_snail
D:2:      grunt_ministairs_5, chequers_jeans, minmay_tromino_i4, uniq_jessica
D:3:      gammafunk_steamed_eel, minmay_pentangle

Skill      XL: |  1  2  3  4 |
---------------+-------------+-----
Unarmed Combat | 1 3 |  3.1
Poison Magic   | 3 |  3.0
Air Magic      | 1 |  1.1
Fighting       | |  0.2
Dodging        | |  1.5
Stealth        | |  1.0
Spellcasting   | |  1.7
Conjurations   | |  0.6

Action                   |  1- 3 |  4- 6 || total
-------------------------+-------+-------++-------
Melee: Unarmed           |    99 |    51 ||   150
       Punch             |       |     1 ||     1
Evoke: Wand              |       |     2 ||     2
  Use: Potion            |       |     4 ||     4
       Scroll            |       |     2 ||     2
 Stab: Sleeping          |     2 |     2 ||     4
  Eat: Chunk             |    15 |     6 ||    21
Armor: Robe              |    32 |    21 ||    53
Dodge: Dodged            |    52 |    40 ||    92

Table legend:
 A = Non-vault XP
 B = Vault XP
 C = Vault XP percentage of total XP
 D = Non-vault monster count
 E = Vault monster count
 F = Vault count percentage of total count
                 A         B        C        D         E       F
            +---------+---------+-------+---------+---------+-------
      Total |     140 |     110 |  44.0 |      46 |       8 |  14.8
            +---------+---------+-------+---------+---------+-------
        D:1 |      20 |       0 |   0.0 |      12 |       0 |   0.0
        D:2 |      94 |      55 |  36.9 |      25 |       7 |  21.9
        D:3 |      26 |      55 |  67.9 |       9 |       1 |  10.0
            +---------+---------+-------+---------+---------+-------
